Map: Lightshade LE

Players

Cheater 1 (Resources)

  • Race: Zerg Zerg
  • Spawn Location: 11:00

Infernox - Winner!

  • Race: Terran Terran
  • Spawn Location: 5:00

VOD

Have the link to the VOD?

Description

Time

  • Played on: Nov. 6, 2020, 7 a.m.
  • Length: 13:48
Show
View Real Time Build Order
Export as new Build Order

Cheater 1 (Resources) Zerg 

Build Orders: Hatch First, Muta Ling Bane, Zergling Baneling 

Get SALT Encoding   

  12  0:00  Drone  
  13  0:12  Overlord  
  13  0:16  Drone  
  14  0:31  Drone x2  
  14  0:34  Drone  
  17  0:54  Hatchery  
  17  0:56  Drone  
  17  1:11  Spawning Pool  
  16  1:12  Drone  
  16  1:16  Extractor  
  16  1:18  Drone  
  17  1:21  Extractor  
  17  1:24  Drone  
  17  1:28  Drone  
  18  1:38  Drone  
  19  1:49  Overlord  
  19  2:00  Queen, Zergling x2  
  22  2:07  Queen  
  24  2:13  Drone  
  25  2:18  Drone  
  25  2:21  Drone  
  27  2:26  Drone  
  28  2:37  Lair  
  28  2:41  Zergling x2  
  28  2:43  Zergling x2  
  30  2:47  Zergling x2  
  30  2:49  Drone  
  31  2:53  Drone  
  31  2:56  Drone  
  33  2:59  Zergling x2  
  33  3:04  Zergling x2  
  35  3:07  Zergling x2  
  35  3:11  Overlord  
  36  3:18  Baneling Nest, Drone  
  36  3:32  Drone  
  37  3:35  Drone  
  37  3:38  Drone, Spire  
  37  3:40  Drone  
  39  3:43  Drone  
  39  3:46  Drone  
  41  3:49  Drone  
  41  3:54  Overlord  
  42  4:01  Baneling  
  42  4:02  Baneling  
  42  4:03  Baneling x3, Zergling x2  
  42  4:04  Baneling  
  42  4:05  Zergling x2  
  44  4:10  Baneling  
  44  4:12  Baneling, Zergling x4  
  44  4:13  Overlord  
  46  4:32  Overlord  
  46  4:34  Zergling x2  
  46  4:36  Zergling x2  
  46  4:38  Zergling x2  
  49  4:43  Roach Warren  
  48  4:48  Hydralisk Den  
  48  4:50  Mutalisk x3  
  48  4:51  Extractor  
  51  4:53  Drone  
  51  4:54  Extractor  
  51  4:55  Drone  
  51  4:57  Drone  
  51  4:59  Drone  
  54  5:00  Drone  
  54  5:03  Drone  
  54  5:05  Drone  
  57  5:09  Overlord  
  57  5:11  Drone  
  57  5:12  Drone  
  59  5:14  Drone  
  59  5:16  Drone  
  59  5:17  Hydralisk  
  59  5:21  Hydralisk  
  63  5:24  Roach  
  63  5:27  Overlord, Roach  
  69  5:30  Roach  
  69  5:32  Roach  
  73  5:35  Hydralisk  
  75  5:44  Hydralisk  
  75  5:45  Drone  
  75  5:46  Infestation Pit  
  77  5:50  Overlord  
  77  5:52  Drone  
  77  5:53  Drone  
  77  5:56  Drone  
  80  5:57  Drone  
  81  6:08  Drone, Overlord  
  81  6:09  Drone, Roach  
  85  6:11  Drone  
  85  6:17  Drone  
  85  6:18  Roach  
  89  6:24  Infestor, Centrifical Hooks, Baneling x3  
  89  6:25  Baneling x2  
  91  6:26  Infestor  
  91  6:27  Drone, Roach, Overlord  
  91  6:30  Drone  
  81  6:38  Hatchery  
  81  6:39  Zergling x2  
  67  6:41  Zergling x2  
  67  6:43  Roach  
  67  6:47  Hydralisk  
  69  6:48  Hydralisk  
  69  6:50  Hydralisk  
  69  6:52  Drone  
  69  6:53  Drone  
  77  6:56  Drone x2  
  77  6:58  Roach  
  77  7:00  Roach  
  83  7:03  Baneling  
  83  7:04  Zergling x2  
  83  7:05  Baneling, Overseer  
  84  7:09  Evolution Chamber  
  84  7:10  Drone  
  84  7:15  Roach  
  86  7:17  Baneling  
  86  7:21  Roach, Ravager, Zergling x2  
  86  7:22  Evolution Chamber, Ravager  
  90  7:24  Roach  
  90  7:26  Roach  
  90  7:27  Hydralisk  
  96  7:30  Overlord  
  96  7:32  Baneling  
  96  7:33  Hydralisk  
  96  7:35  Hydralisk  
  96  7:36  Zerg Ground Armor Level 1  
  100  7:37  Hydralisk  
  102  7:45  Zergling x2  
  102  7:48  Infestor, Zerg Missile Weapons Level 1  
  102  7:49  Overlord  
  102  7:51  Drone, Baneling  
  106  7:52  Baneling  
  106  7:53  Drone x2, Zergling x2  
  106  7:54  Drone  
  106  7:57  Extractor  
  109  7:59  Drone x3  
  109  8:00  Drone x2  
  114  8:06  Drone  
  114  8:11  Drone, Overlord  
  116  8:13  Baneling  
  116  8:17  Drone  
  117  8:21  Hatchery  
  117  8:22  Drone, Zergling x2  
  117  8:24  Mutalisk, Drone  
  117  8:25  Baneling, Zergling x2  
  122  8:27  Drone, Baneling  
  122  8:30  Mutalisk, Drone, Overlord, Baneling  
  122  8:33  Zergling x2  
  122  8:34  Drone  
  128  8:35  Baneling  
  128  8:36  Baneling  
  128  8:39  Drone  
  129  8:43  Drone, Baneling x2  
  129  8:44  Drone  
  131  8:49  Overlord  
  131  8:54  Drone  
  132  8:56  Mutalisk, Baneling, Zergling x4  
  132  8:57  Baneling  
  132  9:00  Zergling x2  
  132  9:02  Mutalisk, Zergling x2  
  138  9:03  Metabolic Boost, Pathogen Glands, Zergling x2  
  138  9:04  Extractor  
  138  9:05  Drone  
  138  9:07  Evolution Chamber, Zergling x2  
  141  9:11  Overlord  
  141  9:15  Zergling x2  
  142  9:17  Baneling, Zergling x2  
  142  9:18  Baneling  
  142  9:22  Zergling x2  
  142  9:23  Spine Crawler, Baneling  
  142  9:24  Baneling x3  
  142  9:25  Baneling  
  142  9:26  Drone  
  142  9:28  Drone, Zergling x4  
  142  9:29  Drone  
  142  9:30  Zerg Melee Weapons Level 1  
  141  9:34  Drone, Zergling x4  
  141  9:37  Drone, Baneling x2  
  128  9:39  Baneling x2  
  128  9:40  Drone  
  128  9:43  Baneling x2  
  128  9:44  Baneling x5  
  128  9:45  Roach  
  114  9:47  Roach  
  114  9:51  Roach  
  118  9:55  Hydralisk  
  118  9:57  Hydralisk  
  118  9:59  Roach, Zergling x2  
  118  10:00  Drone  
  118  10:02  Zergling x2  
  118  10:03  Spine Crawler  
  118  10:06  Zergling x6  
  107  10:07  Zergling x2  
  107  10:08  Mutalisk  
  107  10:13  Roach  
  100  10:18  Zergling x2  
  100  10:20  Zergling x2  
  100  10:21  Extractor  
  86  10:23  Hydralisk  
  86  10:28  Hydralisk, Baneling x4  
  69  10:29  Baneling x3  
  69  10:30  Hatchery, Drone, Baneling  
  69  10:31  Mutalisk, Drone, Roach  
  69  10:35  Spine Crawler, Infestor  
  77  10:37  Overseer, Zergling x2  
  77  10:38  Drone, Baneling x2, Zergling x2  
  77  10:40  Drone  
  78  10:46  Drone  
  72  10:51  Drone  
  72  10:57  Drone  
  73  11:01  Drone  
  73  11:03  Drone, Infestor, Zergling x2  
  78  11:06  Extractor  
  78  11:08  Drone  
  78  11:10  Drone, Roach, Zergling x2  
  82  11:13  Zergling x2  
  82  11:16  Hatchery  
  82  11:19  Roach  
  82  11:21  Baneling x2  
  82  11:24  Drone  
  85  11:30  Drone, Ravager  
  87  11:34  Hydralisk, Roach  
  87  11:35  Drone, Roach  
  87  11:36  Extractor, Baneling x2  
  87  11:37  Baneling  
  87  11:38  Baneling x5  
  93  11:41  Drone, Ravager, Zergling x2  
  93  11:42  Drone, Roach, Zergling x2  
  93  11:46  Drone  
  101  11:47  Extractor  
  101  11:52  Drone  
  101  11:53  Drone  
  102  11:57  Drone  
  101  12:03  Zergling x2  
  101  12:08  Drone, Zergling x4  
  94  12:14  Roach x2  
  94  12:15  Roach  
  69  12:27  Zergling x2  
  69  12:29  Overseer  
  66  12:34  Corruptor  
  56  12:37  Hatchery  
  37  12:45  Baneling  
  37  12:46  Baneling, Zergling x2  
Show
View Real Time Build Order
Export as new Build Order

Infernox Terran - Winner!

Build Orders: Reaper Expand 

Get SALT Encoding   

  12  0:00  SCV  
  13  0:12  SCV  
  14  0:16  Supply Depot  
  14  0:24  SCV  
  15  0:38  SCV  
  15  0:39  Barracks  
  15  0:41  Refinery  
  16  0:50  SCV  
  17  1:02  SCV  
  18  1:14  SCV  
  19  1:25  Reaper  
  19  1:26  Orbital Command  
  20  1:37  Command Center  
  20  1:46  Supply Depot  
  20  1:51  SCV  
  21  1:57  Marine  
  22  2:03  SCV  
  22  2:04  Factory  
  23  2:14  Barracks  
  23  2:15  SCV  
  23  2:20  Barracks Reactor  
  24  2:27  SCV  
  25  2:40  SCV  
  26  2:45  Command Center  
  26  2:52  SCV  
  26  2:57  Orbital Command  
  27  3:03  Barracks Tech Lab  
  27  3:05  SCV  
  28  3:11  Barracks Reactor  
  28  3:17  SCV, Hellion x2  
  33  3:22  Marine  
  33  3:24  Stimpack, SCV  
  35  3:29  SCV  
  35  3:35  Supply Depot  
  35  3:38  Hellion x2  
  35  3:39  SCV  
  35  3:40  Marine  
  41  3:44  SCV  
  41  3:47  Marine x2  
  44  3:52  SCV  
  45  3:56  SCV  
  45  4:00  Supply Depot, Hellion x2  
  51  4:04  Orbital Command  
  51  4:06  SCV  
  51  4:09  Refinery  
  51  4:12  Refinery  
  51  4:18  Starport  
  51  4:19  Marine x2  
  51  4:20  Marine  
  51  4:22  SCV  
  55  4:24  SCV  
  56  4:33  Supply Depot, SCV  
  56  4:36  Hellion x2  
  56  4:37  SCV  
  63  4:38  SCV  
  63  4:41  Marine x2  
  63  4:42  Marine  
  63  4:45  SCV  
  67  4:49  SCV  
  68  4:53  SCV  
  68  4:55  Orbital Command, Supply Depot  
  69  5:00  Marine x3  
  69  5:01  Engineering Bay  
  69  5:02  Engineering Bay  
  69  5:03  SCV  
  73  5:08  Medivac x2  
  73  5:12  SCV  
  78  5:15  SCV  
  78  5:18  Marine x3  
  78  5:19  Armory  
  82  5:22  SCV  
  82  5:25  SCV  
  82  5:28  Terran Infantry Armor Level 1, Terran Infantry Weapons Level 1  
  84  5:31  SCV  
  84  5:34  SCV  
  86  5:37  SCV  
  86  5:38  Supply Depot  
  87  5:43  SCV  
  87  5:46  SCV  
  87  5:47  Marine x2  
  87  5:48  Marine  
  93  5:50  SCV, Command Center  
  93  5:59  Factory Reactor  
  93  6:00  SCV x2  
  93  6:02  SCV  
  93  6:03  Supply Depot, Factory  
  96  6:07  Supply Depot  
  96  6:08  Terran Vehicle And Ship Armor Level 1  
  96  6:09  Refinery  
  96  6:10  Combat Shield  
  96  6:12  SCV x2  
  96  6:14  SCV  
  96  6:15  Refinery  
  96  6:16  Refinery  
  99  6:22  Marine x2  
  99  6:25  Marine, SCV x2  
  104  6:26  SCV  
  104  6:29  Supply Depot  
  91  6:37  Barracks, SCV x2  
  91  6:38  SCV, Barracks  
  91  6:39  Widow Mine x2  
  89  6:40  Medivac x2  
  83  6:48  Factory Tech Lab  
  83  6:49  SCV x2  
  83  6:50  SCV  
  86  6:56  Marine x2, Marauder  
  90  7:01  SCV x2  
  90  7:02  SCV  
  93  7:10  Drilling Claws  
  93  7:13  Marine, SCV x2, Barracks  
  93  7:14  Marine, SCV  
  98  7:22  Terran Infantry Armor Level 2, Terran Infantry Weapons Level 2  
  98  7:24  Marauder  
  98  7:25  SCV  
  98  7:26  SCV x2  
  98  7:27  Barracks Reactor x2  
  98  7:29  Supply Depot  
  103  7:31  Marine x2  
  103  7:34  Widow Mine x2  
  103  7:35  Medivac  
  111  7:38  SCV x3  
  111  7:40  Supply Depot  
  114  7:45  Marauder  
  114  7:47  Widow Mine  
  114  7:49  Marine x2  
  114  7:50  SCV x2  
  114  7:51  SCV  
  123  7:54  Planetary Fortress  
  123  7:55  Widow Mine, Refinery  
  123  7:56  Refinery  
  125  8:01  Barracks x2  
  125  8:02  Barracks  
  125  8:06  Marine, SCV x3  
  125  8:07  Marine x3, Barracks Tech Lab  
  125  8:08  Marine x3, Siege Tank  
  125  8:10  Medivac  
  125  8:11  Medivac  
  142  8:20  Terran Vehicle And Ship Armor Level 2  
  142  8:24  Marine  
  142  8:25  Marine x2  
  145  8:30  Supply Depot x2, Command Center  
  145  8:33  Marine x2, Marauder  
  149  8:34  Widow Mine  
  151  8:42  Marauder, Concussive Shells  
  151  8:43  Marine x2  
  151  8:45  Starport  
  155  8:51  Medivac x2, Widow Mine  
  155  8:54  Supply Depot  
  155  8:55  Marauder, Supply Depot  
  163  8:56  Marine x3  
  163  8:57  Marine  
  163  8:58  Widow Mine x2  
  163  9:00  Marine  
  163  9:01  Barracks Tech Lab x2, Barracks Reactor  
  172  9:10  Command Center  
  172  9:15  Marine, Armory  
  172  9:16  Marauder x2, Widow Mine  
  179  9:18  Supply Depot  
  179  9:19  Widow Mine  
  179  9:20  Supply Depot  
  179  9:21  Medivac  
  179  9:23  Marine x2  
  179  9:24  Marauder  
  187  9:29  Marauder  
  179  9:34  SCV x3  
  179  9:37  Marauder  
  171  9:43  Terran Infantry Armor Level 3, Terran Infantry Weapons Level 3  
  166  9:46  SCV x3  
  169  9:57  Marine x5, Marauder  
  169  9:58  Marauder x2, Widow Mine, SCV  
  169  9:59  Marauder  
  185  10:09  Marine x3, Medivac  
  185  10:10  Medivac, Widow Mine  
  185  10:11  SCV  
  185  10:13  Planetary Fortress  
  182  10:19  Marauder, SCV x2  
  179  10:23  Marine x2, SCV  
  179  10:24  Marine, Marauder x2  
  182  10:31  Medivac, SCV, Widow Mine x2  
  182  10:34  Terran Vehicle Weapons Level 1  
  187  10:39  Medivac  
  189  10:46  Command Center  
  182  10:52  Marine x4  
  182  10:53  Marine x2, Marauder x4, Widow Mine  
  182  10:54  Widow Mine  
  182  10:56  Planetary Fortress  
  200  11:10  Sensor Tower  
  200  11:11  Command Center  
  200  11:13  Sensor Tower  
  200  11:17  Refinery  
  200  11:18  Refinery  
  200  11:26  Command Center, Starport Reactor  
  200  11:36  Factory  
  200  11:38  Factory  
  200  11:52  Starport  
  200  11:53  Starport  
  188  12:09  Marine x10  
  188  12:10  Marauder x2  
  197  12:17  Widow Mine x2  
  197  12:20  Hi-Sec Auto Tracking  
  199  12:24  Orbital Command  
  199  12:26  Refinery  
  199  12:27  Marine  
  200  12:31  Factory Reactor, Factory Tech Lab  
  200  12:32  Starport Tech Lab, Starport Reactor, Sensor Tower  
  200  12:37  Command Center x2  
  200  12:41  Orbital Command  
  200  12:44  Command Center  
  200  12:51  Planetary Fortress  
  200  12:56  Command Center  
  200  13:29  Command Center  
  200  13:30  Command Center  
  200  13:38  Refinery  
  200  13:40  Refinery  
  200  13:42  Refinery  
  200  13:47  Sensor Tower x2  
Tags
 
Add a new tag
Caveats
  • Supply blocks, unpowered buildings, or Contaminate may cause inaccurate times.
  • Supply counts are checked every 10 seconds.